 Dungeon Crawl Stone Soup version 0.30-a0-457-g4b7bca3bfa (webtiles) character file.

Game seed: 3877363809664207548

583253 cforsyth the Invulnerable (level 25, 0/284 HPs)
             Began as a Minotaur Berserker on Dec 13, 2022.
             Was a High Priest of Trog.
             Succumbed to poison (poison gas)
             ... on level 4 of the Depths.
             The game lasted 02:20:59 (62927 turns).

cforsyth the Invulnerable (Minotaur Berserker)     Turns: 62927, Time: 02:21:00

Health: 0/284      AC: 48    Str: 31    XL:     25   Next: 44%
Magic:  19/19      EV: 18    Int: 11    God:    Trog [*****.]
Gold:   5885       SH: 31    Dex: 10    Spells: 24/24 levels left

rFire   + . .      SeeInvis .    H - +8 mithril axe "Arga" {speed, Will+}
rCold   + + .      Faith    .    q - +0 tower shield
rNeg    + + +      Spirit   .    g - +8 orange crystal plate armour {Archmagi, Int+3 Clar}
rPois   .          Reflect  +    Q - +2 hat {Stlth+}
rElec   +          Harm     .    Z - +0 cloak
rCorr   +          Rampage  .    W - +1 pair of gloves {Str+3}
Will    ++...      Archmagi +    S - +1 pair of boots of Duty {rF+ rC+}
Stlth   .......... Clarity  +    D - amulet of reflection
HPRegen 0.67/turn                j - ring of the Octopus King {rC+ HP+2 AC+2 EV+2 SH+2}
MPRegen 0.16/turn                I - ring "Worghu Kaor" {rElec rN+++ rCorr AC+4 Dex-2 Stlth-}

@: lethally poisoned (0 -> -20), studying 2 skills
A: horns 2, retaliatory headbutt, deformed body, low MP 1, mutation resistance
1, robust 1
}: 4/15 runes: barnacled, slimy, silver, gossamer
a: Renounce Religion, Berserk, Trog's Hand, Brothers in Arms


You were on level 4 of the Depths.
You worshipped Trog.
Trog was extremely pleased with you.
You visited 10 branches of the dungeon, and saw 48 of its levels.
You visited the Abyss 2 times.
You visited 1 bazaar.
You also visited: Bailey, Gauntlet and Wizlab.

You collected 7191 gold pieces.
You spent 1306 gold pieces at shops.

Inventory:

Hand Weapons
 H - the +8 mithril axe "Arga" (weapon) {speed, Will+}
   (Trog gifted it to you on level 1 of the Lair of Beasts)

   Attacks with this weapon are significantly faster.
   Will:      It increases your willpower.
 P - the +5 broad axe of Hihal {vorpal, rElec rN+ Str+8 Dex+4 Stlth-}
   (Trog gifted it to you on level 5 of the Lair of Beasts)

   It inflicts extra damage upon your enemies.
   Str:       It affects your strength (+8).
   Dex:       It affects your dexterity (+4).
   rElec:     It insulates you from electricity.
   rN:        It protects you from negative energy.
   Stlth:     It makes you less stealthy.
Armour
 d - the +0 storm dragon scales of Suppodgh {rElec rF+ Int-5 Dex+3}
   (You found it in a bailey)

   Int:       It affects your intelligence (-5).
   Dex:       It affects your dexterity (+3).
   rF:        It protects you from fire.
   rElec:     It insulates you from electricity.
 g - the +8 orange crystal plate armour (worn) {Archmagi, Int+3 Clar}
   (You acquired it on level 3 of the Elven Halls)

   Int:       It affects your intelligence (+3).
   Clar:      It protects you against confusion.
 q - a +0 tower shield (worn)
 F - the +0 plate armour of Ytemywah {rElec rPois Regen+ rCorr}
   (You acquired it on level 4 of the Lair of Beasts)

   rElec:     It insulates you from electricity.
   rPois:     It protects you from poison.
   Regen:     It increases your rate of health regeneration.
   rCorr:     It protects you from acid and corrosion.
 Q - a +2 hat of stealth (worn)
 S - the +1 pair of boots of Duty (worn) {rF+ rC+}
   (You found it on level 4 of the Spider Nest)

   rF:        It protects you from fire.
   rC:        It protects you from cold.
 W - a +1 pair of gloves of strength (worn)
 Z - a +0 cloak (worn)
Jewellery
 j - a ring of the Octopus King (left hand) {rC+ HP+2 AC+2 EV+2 SH+2}
   (You acquired it in a bailey)

   [ring of protection from cold]

   AC:        It affects your AC (+2).
   EV:        It affects your evasion (+2).
   rC:        It protects you from cold.
   HP:        It affects your health (+2).
   SH:        It affects your SH (+2).
 l - a ring of flight
 u - a ring of protection from cold
 D - an amulet of reflection (around neck)
 G - a +4 ring of slaying
 I - the ring "Worghu Kaor" (right hand) {rElec rN+++ rCorr AC+4 Dex-2 Stlth-}
   (You found it on level 1 of the Shoals)

   [ring of protection]

   AC:        It affects your AC (+4).
   Dex:       It affects your dexterity (-2).
   rElec:     It insulates you from electricity.
   rN:        It renders you almost immune to negative energy.
   rCorr:     It protects you from acid and corrosion.
   Stlth:     It makes you less stealthy.
 J - a ring of protection from fire
 M - the ring of Reav {rElec rPois rC+ Will-}
   (You found it on level 12 of the Dungeon)

   [ring of poison resistance]

   rC:        It protects you from cold.
   rElec:     It insulates you from electricity.
   rPois:     It protects you from poison.
   Will:      It decreases your willpower.
Wands
 t - a wand of charming (20)
 A - a wand of light (12)
 B - a wand of mindburst (43)
 C - a wand of flame (124)
 K - a wand of polymorph (12)
 T - a wand of roots (29)
 U - a wand of digging (19)
Scrolls
 f - 8 scrolls of vulnerability
 m - 11 scrolls of fear
 p - 5 scrolls of poison
 s - 6 scrolls of enchant armour
 x - 6 scrolls of fog
 y - 13 scrolls of teleportation
 E - 7 scrolls of torment
 L - 8 scrolls of magic mapping
 N - 6 scrolls of butterflies
 V - 7 scrolls of blinking
 X - 5 scrolls of silence
 Y - 10 scrolls of enchant weapon
Potions
 a - 7 potions of cancellation
 b - 8 potions of flight
 c - 9 potions of lignification
 e - 11 potions of heal wounds
 h - 15 potions of attraction
 i - 6 potions of invisibility
 k - 15 potions of haste
 n - 3 potions of mutation
 o - 21 potions of curing
 r - 15 potions of might
 v - 17 potions of ambrosia
 w - 6 potions of berserk rage
 z - 14 potions of magic
 O - 4 potions of resistance


   Skills:
 O Level 27 Fighting
 + Level 25.2 Axes
 O Level 27 Armour
 O Level 27 Dodging
 O Level 27 Shields


You had 24 spell levels left.
You didn't know any spells.
Your spell library was empty.

Dungeon Overview and Level Annotations

Branches:
Dungeon (15/15)            Temple (0/1) D:7            Lair (5/5) D:11
 Shoals (4/4) Lair:3       Spider (4/4) Lair:2        Slime (5/5) Lair:5
    Orc (2/2) D:12            Elf (3/3) Orc:2        Vaults (5/5) D:14
  Crypt (0/3) Vaults:3     Depths (4/4) D:15            Zot (1/5) Depths:4
 Bailey (visited)          WizLab (visited)         Gauntlet (visited)

Altars:
Ashenzari
Cheibriados
Elyvilon
Gozag
Kikubaaqudgha
Okawaru
Qazlal
Sif Muna
Trog
Vehumet
Wu Jian
Yredelemnul
The Shining One
Jiyva

Shops:
D:1 *   D:2 [   D:6 [   D:8 *   Orc:1 =   Orc:2 =[!:   Elf:1 (   Elf:3 **
Vaults:4 :   Vaults:5 (

Portals:
Hell: Depths:1 Depths:2* Depths:3 Depths:4
Abyss: Depths:2 Depths:3 Depths:4
Pandemonium: Depths:2 Depths:3
Ziggurat: Depths:3
Trove: D:15 (give +3 gold dragon scales)


Innate Abilities, Weirdness & Mutations

You have a pair of horns on your head.
You reflexively headbutt those who attack you in melee.
Armour fits poorly on your strangely shaped body.
Your magical capacity is low. (-10% MP)
You are somewhat resistant to further mutation.
You are robust. (+10% HP)


Message History

You headbutt the golden dragon, but do no damage.
The golden dragon is almost dead.
You are engulfed in poison gas.
You are more poisoned.
You feel extremely sick.
You slash the golden dragon!
You headbutt the golden dragon, but do no damage.
The golden dragon is almost dead.
You are engulfed in poison gas.
You are more poisoned.
You feel extremely sick.
You block the golden dragon's attack. x3
You carve the golden dragon like a ham!!!
You kill the golden dragon!
Trog accepts your kill.
The gold dragon scales are intact enough to wear.
You are engulfed in poison gas.
You are more poisoned.
You feel extremely sick.
You are engulfed in poison gas.
You are more poisoned.
You feel extremely sick.
Items here: ) [[ ††.
You are engulfed in poison gas.
You are lethally poisoned!
* * * LOW HITPOINT WARNING * * *
x2 You feel extremely sick.
* * * LOW HITPOINT WARNING * * *
You feel extremely sick.
* * * LOW HITPOINT WARNING * * *
You feel extremely sick.
* * * LOW HITPOINT WARNING * * *
You feel extremely sick.
* * * LOW HITPOINT WARNING * * *
You feel extremely sick.
There is a gate leading back out of this place here.
* * * LOW HITPOINT WARNING * * *
You feel extremely sick.
You go up through the gate.
Welcome back to the Depths!
You die...

#.'####..........^......####+.#
#.#...###################...#.#
#.##)).........#...........##.#
#..##........#####........##..#
##..#..⌠...###...###...⌠..#..###
##.##..))(#.......#.....##.## #
#..##.)[#[.......[#...##..# ##
##..##).#.........#..##..####.
##..##.#....@....#..#..###.#.
##.##.#.(.......#.##.###....
#..####.......####..#####.. ##..#
#.......# #..###.##..
##.#####[..#####.##....#..
#########..#..##'##..#..#.#..###.
...........##.......##.##..#.....
............#.......#.....##<....
............##..⌠..##........##..


There were no monsters in sight!

Vanquished Creatures
  A dread lich (Vaults:4)
  A juggernaut (Depths:1)
  Saint Roka (Vaults:3)
  The ghost of BlueFish the Spry, a veteran MiFi of Dithmenos (Vaults:4)
  4 caustic shrikes
  4 golden dragons
  6 bone dragons
  The ghost of Mafuddif the Slayer, an adept HOFi of Beogh (Depths:1)
  A hellephant (Abyss:3)
  2 doom hounds (Depths:2)
  A Tzitzimitl (Depths:2)
  7 tentacled monstrosities
  2 liches
  4 deep elf blademasters
  A walking earthen tome (Depths:2)
  8 titans
  A quicksilver dragon (Zot:1)
  22 acid blobs
  Grunn (Depths:2)
  Kirke (D:15)
  7 sphinxes
  A deep elf master archer (Elf:3)
  Polyphemus (Shoals:2)
  Gastronok (Lair:2)
  3 tentacled starspawn (Abyss:2)
  10 tengu reavers
  7 storm dragons
  5 nagarajas (WizLab)
  8 shadow dragons
  6 azure jellies
  7 frost giants
  A daeva (Abyss:2)
  11 fire giants
  A draconian monk (Abyss:3)
  12 rockslimes
  4 iron dragons
  5 emperor scorpions
  A draconian knight (Zot:1)
  5 deep elf sorcerers (Elf:3)
  11 vault wardens
  3 ghost moths
  2 balrugs (Depths:3)
  A cacodemon (Abyss:3)
  10 deep elf elementalists (Elf:3)
  A draconian scorcher (Zot:1)
  An orc warlord (Orc:2)
  A ghost moth (shapeshifter) (D:15)
  Aizul (Elf:2)
  A draconian annihilator (Zot:1)
  2 reapers
  2 draconian shifters (Depths:4)
  3 spriggan defenders
  21 ironbound preservers
  14 quicksilver oozes
  5 demonspawn corrupters (WizLab)
  A broodmother (shapeshifter) (Depths:3)
  17 stone giants
  5 war gargoyles (Vaults:4)
  10 very ugly things
  4 broodmothers
  A caustic shrike skeleton (Abyss:3)
  Nessos (Lair:3)
  7 ironbound thunderhulks
  3 black draconians
  5 deep elf annihilators
  A bunyip (shapeshifter) (Vaults:2)
  2 deep elf demonologists
  A vampire knight (Depths:4)
  2 green draconians
  A minotaur (Gauntlet)
  6 dire elephants
  2 putrid mouths (Depths:2)
  2 purple draconians (Zot:1)
  A yellow draconian (Depths:4)
  7 spark wasps
  A white draconian (Zot:1)
  19 ettins
  6 deep elf death magi
  A crystal guardian (Vaults:1)
  Josephine (Lair:4)
  4 merfolk javelineers
  Snorg (Orc:2)
  7 merfolk impalers
  A green death (Gauntlet)
  5 fire dragons
  11 great orbs of eyes
  28 vault guards
  22 yaktaur captains
  12 deep elf high priests
  7 entropy weavers
  5 peacekeepers
  7 ice dragons
  2 hell beasts (Depths:2)
  Erolcha (D:13)
  3 rakshasas
  16 centaur warriors
  10 hydras
  4 ogre magi
  8 ironbound frosthearts
  3 catoblepae
  A jorogumo (Spider:4)
  12 boulder beetles
  A merfolk avatar (Shoals:1)
  8 merfolk aquamancers
  A death knight (D:9)
  24 dancing weapons
  10 two-headed ogres
  An anaconda (shapeshifter) (Vaults:4)
  An alligator snapping turtle (Shoals:3)
  4 satyrs
  6 deep troll shamans
  A vampire mage (Depths:2)
  2 thrashing horrors
  6 spriggan berserkers
  5 deep troll earth magi
  9 death yaks
  5 hell knights
  3 orc high priests
  A soul eater (Depths:3)
  3 tengu warriors
  6 skeletal warriors
  Sonja (D:10)
  11 deep elf knights
  A storm dragon zombie (Depths:1)
  5 wretched stars
  Amaemon (Lair:3)
  6 pharaoh ants
  2 salamander mystics
  12 sea snakes
  11 iron trolls
  2 sun moths (Lair:2)
  3 sixfirhies
  11 steelbarb worms
  2 spatial maelstroms
  A titan skeleton (Depths:1)
  3 glowing orange brains
  76 deep trolls
  An obsidian statue (Vaults:2)
  19 ironbound convokers
  2 swamp dragons
  A sea snake (shapeshifter) (D:15)
  12 deep elf archers
  8 orb spiders
  A sphinx zombie (Depths:1)
  3 phantasmal warriors (Vaults:4)
  Pikel (D:7)
  23 harpies
  8 lindwurms
  12 wolf spiders
  6 orc knights
  21 wizards
  2 necromancers
  7 shining eyes
  37 deep elf pyromancers
  30 deep elf zephyrmancers
  3 orc sorcerers
  9 salamanders
  44 ugly things
  14 manticores
  16 fauns
  Joseph (D:7)
  9 cyclopes
  8 elephants
  12 water nymphs
  19 vault sentinels
  5 worldbinders
  15 merfolk sirens
  7 moths of wrath
  An apocalypse crab (Abyss:2)
  14 black mambas
  A guardian serpent (Lair:5)
  7 torpor snails
  6 smoke demons
  3 eyes of devastation
  An unseen horror (shapeshifter) (Elf:1)
  3 gargoyles
  4 orange demons
  A cane toad (shapeshifter) (Elf:3)
  2 centaur skeletons (D:14)
  17 cane toads
  A hellion (Abyss:3)
  A yaktaur (shapeshifter) (D:15)
  7 rime drakes
  10 demonic crawlers
  Maggie (D:7)
  3 kobold demonologists
  16 yaktaurs
  2 efreet
  A naga skeleton (Abyss:2)
  A freezing wraith (D:11)
  12 komodo dragons
  An ice devil (Abyss:2)
  2 tengu conjurers
  8 trolls
  A guardian mummy (D:15)
  14 wind drakes
  A spriggan skeleton (Depths:1)
  5 harpy zombies
  An ancient zyme (Abyss:3)
  A tyrant leech (shapeshifter) (Vaults:4)
  A wolf spider simulacrum (D:14)
  27 tarantellas
  4 hornets
  33 merfolk
  2 queen bees
  3 polar bears
  9 meliai (Spider:4)
  6 dream sheep
  A frost giant simulacrum (Depths:1)
  A raiju (shapeshifter) (Gauntlet)
  10 raiju
  146 slime creatures
  8 snapping turtles
  4 blink frogs (Lair:3)
  A shadow (D:9)
  3 vampires
  30 jumping spiders
  29 water elementals
  10 air elementals
  10 wraiths
  17 wyverns
  21 yaks
  16 culicivoras
  4 ynoxinuls
  A chaos spawn (Abyss:3)
  14 basilisks
  3 fire elementals
  A dire elephant simulacrum (Abyss:3)
  A fire bat (Abyss:3)
  A hog (shapeshifter) (Vaults:5)
  7 hogs (D:15)
  12 golden eyes
  12 vampire mosquitoes
  55 redbacks
  2 steam dragons
  Menkaure (D:7)
  2 neqoxecs (Abyss:2)
  2 spatial vortices (Abyss:2)
  A harpy simulacrum (Abyss:3)
  4 wargs (Orc:2)
  Edmund (D:5)
  22 water moccasins
  4 acid dragons
  A floating eye (shapeshifter) (Depths:3)
  A floating eye (Depths:2)
  56 orc warriors
  7 large abominations
  An ice beast (D:5)
  2 sky beasts
  3 black bears
  2 swamp drakes
  16 ogres
  A manticore zombie (Shoals:3)
  16 wolves
  20 centaurs
  2 lemures (D:7)
  Blork the orc (D:5)
  5 kobold brigands
  4 earth elementals
  14 bullfrogs
  A bullfrog (shapeshifter) (Vaults:5)
  2 necrophages (D:6)
  5 scorpions
  A gnoll sergeant (D:8)
  A wight (Abyss:3)
  6 small abominations
  50 killer bees
  6 vampire bats (Bailey)
  8 howler monkeys
  2 electric eels (Lair:3)
  4 wolf zombies (Bailey)
  16 starcursed masses
  6 hounds
  2 jellies
  A gnoll bouda (D:10)
  24 orc priests
  3 iron imps
  18 orc wizards
  2 iguanas
  A lightning spire (Gauntlet)
  2 boggart skeletons (D:14)
  2 hell rats
  11 gnolls
  5 adders
  A river rat (Lair:2)
  4 shadow imps
  7 white imps
  4 ufetubi
  3 worms
  A dart slug (D:4)
  86 orcs
  4 ball pythons
  3 bat zombies (Shoals:3)
  3 endoplasms
  5 giant cockroaches
  A hobgoblin (shapeshifter) (Gauntlet)
  11 hobgoblins
  3 quokkas
  6 bats
  3 frilled lizards
  12 goblins
  25 kobolds
  16 orc zombies (Bailey)
  4 rats
  2 butterflies (Lair:4)
  A fungus (Lair:5)
  A lurking horror (Abyss:3)
  3 starspawn tentacles (Abyss:2)
2354 creatures vanquished.

Vanquished Creatures (collateral kills)
  the Royal Jelly (Slime:5)
  Mara (Vaults:3)
  A juggernaut (Depths:1)
  The ghost of Wimurch the Peltast, a veteran GnFi of Qazlal (Vaults:4)
  An ironbound preserver (Vaults:3)
5 creatures vanquished.

Vanquished Creatures (others)
  A lich (Abyss:2)
  A wizard (WizLab)
  2 deep elf pyromancers
  A manticore (Shoals:3)
  A water elemental (Shoals:4)
  2 orcs (D:12)
  25 fungi
  A lurking horror (Abyss:2)
  117 plants
  3 starspawn tentacles (Abyss:2)
154 creatures vanquished.

Grand Total: 2513 creatures vanquished

Notes
Turn   | Place    | Note
-------+----------+-------------------------------------------
     0 | D:1      | cforsyth the Minotaur Berserker began the quest for the
                  | Orb.
     0 | D:1      | Reached XP level 1. HP: 19/19 MP: 0/0
    12 | D:1      | Found Uricwimn's General Store.
   313 | D:1      | Reached XP level 2. HP: 27/27 MP: 1/1
  1103 | D:2      | Found Xurevia's Armour Boutique.
  1216 | D:2      | Reached ** piety under Trog
  1217 | D:2      | Reached XP level 3. HP: 32/33 MP: 2/2
  1357 | D:2      | Reached skill level 1 in Shields
  1911 | D:3      | Reached XP level 4. HP: 40/40 MP: 3/3
  2690 | D:4      | Noticed a scorpion
  2698 | D:4      | Killed a scorpion
  2699 | D:4      | Reached XP level 5. HP: 47/47 MP: 4/4
  2926 | D:4      | Reached XP level 6. HP: 55/55 MP: 5/5
  3183 | D:5      | Entered Level 5 of the Dungeon
  3189 | D:5      | Reached skill level 5 in Fighting
  3234 | D:5      | Reached skill level 5 in Axes
  3257 | D:5      | Noticed Edmund
  3268 | D:5      | Killed Edmund
  3389 | D:5      | Noticed a water moccasin
  3398 | D:5      | Killed a water moccasin
  3399 | D:5      | Reached XP level 7. HP: 61/61 MP: 6/6
  3582 | D:5      | Reached skill level 5 in Armour
  3688 | D:5      | Noticed Blork the orc
  3693 | D:5      | Reached *** piety under Trog
  3698 | D:5      | Killed Blork the orc
  3854 | D:5      | Found a shimmering blue altar of Sif Muna.
  3854 | D:5      | Found an opulent altar of Gozag.
  3862 | D:5      | Found a glowing golden altar of the Shining One.
  3865 | D:5      | Found a radiant altar of Vehumet.
  3866 | D:5      | Found a snail-covered altar of Cheibriados.
  3872 | D:5      | Found a broken altar of Ashenzari.
  3873 | D:5      | Found an iron altar of Okawaru.
  4225 | D:6      | Identified a scroll of acquirement
  4225 | D:6      | Acquired a manual of Armour
  4484 | D:6      | Reached skill level 5 in Dodging
  4484 | D:6      | Reached XP level 8. HP: 70/70 MP: 7/7
  4831 | D:6      | Reached skill level 5 in Shields
  5064 | D:6      | Found Ucseonoac's Antique Armour Shoppe.
  5239 | D:7      | Noticed Menkaure
  5253 | D:7      | Killed Menkaure
  5317 | D:7      | Noticed Pikel
  5330 | D:7      | Killed Pikel
  5331 | D:7      | Reached XP level 9. HP: 53/79 MP: 8/8
  5352 | D:7      | Noticed Joseph
  5403 | D:7      | Killed Joseph
  5609 | D:7      | Found a flagged portal.
  5622 | Bailey   | Entered a bailey
  5734 | Bailey   | Acquired a manual of Fighting
  5736 | Bailey   | Acquired a manual of Armour
  5737 | Bailey   | Acquired a ring of the Octopus King {rC+ HP+2 AC+2 EV+2
                  | SH+2}
  5737 | Bailey   | Found the ring of the Octopus King {rC+ HP+2 AC+2 EV+2
                  | SH+2}
  5739 | Bailey   | Acquired a manual of Axes
  6008 | Bailey   | Noticed a gargoyle
  6014 | Bailey   | Killed a gargoyle
  6190 | Bailey   | Identified the +0 storm dragon scales of Suppodgh {rElec
                  | rF+ Int-5 Dex+3}
  6608 | D:7      | Noticed Maggie
  6625 | D:7      | Killed Maggie
  6626 | D:7      | Reached skill level 10 in Armour
  6626 | D:7      | Reached XP level 10. HP: 91/91 MP: 9/9
  6849 | D:7      | Found a staircase to the Ecumenical Temple.
  7703 | D:7      | Reached skill level 10 in Fighting
  7703 | D:7      | Reached skill level 10 in Axes
  7880 | D:8      | Reached **** piety under Trog
  7929 | D:8      | Found the +4 dagger "Morg" {pain, Will+ Int+5}
  8144 | D:8      | Found Jaffun's General Store.
  9301 | D:9      | Reached ***** piety under Trog
  9424 | D:9      | Found a runed translucent door.
  9425 | D:9      | Identified the +4 morningstar of the Ageless Deaths {holy,
                  | rF+ SInv}
  9425 | D:9      | Noticed a centaur warrior
  9430 | D:9      | Noticed a skeletal warrior
  9434 | D:9      | Noticed a boulder beetle
  9457 | D:9      | Noticed a four-headed hydra
  9523 | D:9      | Noticed a death knight
 10209 | D:10     | Entered Level 10 of the Dungeon
 10210 | D:10     | Noticed a two-headed ogre
 10220 | D:10     | Killed a two-headed ogre
 10221 | D:10     | Reached XP level 11. HP: 61/102 MP: 10/10
 10585 | D:10     | Noticed Sonja
 10609 | D:10     | Killed Sonja
 10840 | D:10     | Noticed a necromancer
 10840 | D:10     | You fall into a shaft and drop 1 floor!
 10858 | D:11     | Noticed a boulder beetle
 10896 | D:11     | Killed a boulder beetle
 11075 | D:11     | Identified the +0 robe of the Invisible Deaths {rF- Str+7
                  | Dex+5}
 11153 | D:11     | Noticed a four-headed hydra
 11161 | D:11     | Killed a seven-headed hydra
 11232 | D:11     | Noticed a boulder beetle
 11255 | D:11     | Killed a boulder beetle
 11365 | D:11     | Reached skill level 10 in Shields
 11601 | D:11     | Noticed a two-headed ogre
 11617 | D:11     | Killed a two-headed ogre
 11809 | D:11     | Noticed a two-headed ogre
 11815 | D:11     | Killed a two-headed ogre
 11948 | D:11     | Found a staircase to the Lair.
 11981 | D:11     | Reached skill level 10 in Dodging
 12181 | D:11     | Reached XP level 12. HP: 82/116 MP: 11/11
 13091 | D:12     | Noticed a two-headed ogre
 13098 | D:12     | Killed a two-headed ogre
 13204 | D:12     | Noticed a two-headed ogre
 13213 | D:12     | Killed a two-headed ogre
 13275 | D:12     | Reached skill level 15 in Armour
 13394 | D:12     | Identified the ring of Reav {rElec rPois rC+ Will-}
 13404 | D:12     | Noticed a two-headed ogre
 13411 | D:12     | Killed a two-headed ogre
 13637 | D:12     | Found a staircase to the Orcish Mines.
 13647 | D:12     | Reached skill level 15 in Axes
 13657 | D:12     | Reached skill level 15 in Fighting
 14366 | Lair:1   | Entered Level 1 of the Lair of Beasts
 14515 | Lair:1   | Received a gift from Trog
 14515 | Lair:1   | Found the +8 mithril axe "Arga" {speed, Will+}
 14818 | Lair:2   | Noticed Gastronok
 14819 | Lair:2   | Noticed a catoblepas
 14833 | Lair:2   | Killed a catoblepas
 14834 | Lair:2   | Killed Gastronok
 14932 | Lair:2   | Noticed a four-headed hydra
 14937 | Lair:2   | Noticed a four-headed hydra
 14949 | Lair:2   | Killed a nine-headed hydra
 14950 | Lair:2   | Reached XP level 13. HP: 129/129 MP: 12/12
 15286 | Lair:2   | Found a hole to the Spider Nest.
 16311 | Lair:3   | Noticed Amaemon
 16313 | Lair:3   | Identified the +6 executioner's axe "Hajef" {vorpal, rF+
                  | Will+ SInv} (Trog gifted it to you on level 3 of the Lair
                  | of Beasts)
 16313 | Lair:3   | Received a gift from Trog
 16362 | Lair:3   | Killed Amaemon
 16450 | Lair:3   | Found a staircase to the Shoals.
 16780 | D:2      | Bought a +0 pair of boots for 54 gold pieces
 17247 | Lair:3   | Noticed Nessos
 17255 | Lair:3   | Killed Nessos
 17466 | Lair:3   | Identified the +8 trident of the Ship {protect, Fly MP-9
                  | Int+4}
 17539 | Lair:3   | Reached XP level 14. HP: 143/143 MP: 13/13
 17602 | Lair:3   | Identified the ring "Coxic" {Will+ Int+4}
 18597 | Lair:4   | Noticed Josephine
 18606 | Lair:4   | Killed Josephine
 18644 | Lair:4   | Acquired the +0 plate armour of Ytemywah {rElec rPois
                  | Regen+ rCorr}
 19072 | Lair:5   | Entered Level 5 of the Lair of Beasts
 19170 | Lair:5   | Identified the +5 broad axe of Hihal {vorpal, rElec rN+
                  | Str+8 Dex+4 Stlth-} (Trog gifted it to you on level 5 of
                  | the Lair of Beasts)
 19170 | Lair:5   | Received a gift from Trog
 19693 | Lair:5   | Found a staircase to the Slime Pits.
 19693 | Lair:5   | Found a viscous altar of Jiyva.
 20510 | D:9      | Reached XP level 15. HP: 147/152 MP: 14/14
 21075 | D:13     | Received a gift from Trog
 21216 | D:13     | Noticed Erolcha
 21226 | D:13     | Killed Erolcha
 21596 | D:14     | Found a gate to the Vaults.
 21616 | D:14     | Reached skill level 15 in Dodging
 21652 | D:14     | Found a gate leading to a gauntlet.
 21666 | Gauntlet | Entered a Gauntlet
 21666 | Gauntlet | Found a transporter.
 21691 | Gauntlet | Found a transporter.
 21694 | Gauntlet | Found a transporter.
 21695 | Gauntlet | Found a transporter.
 21704 | Gauntlet | Found a transporter.
 21706 | Gauntlet | Found a transporter.
 21707 | Gauntlet | Found a transporter.
 21715 | Gauntlet | Found a transporter.
 21718 | Gauntlet | Found a transporter.
 21719 | Gauntlet | Found a transporter.
 21727 | Gauntlet | Found a transporter.
 21730 | Gauntlet | Found a transporter.
 21731 | Gauntlet | Found a transporter.
 21735 | Gauntlet | Found a runed translucent door.
 21737 | Gauntlet | Found a runed translucent door.
 21739 | Gauntlet | Found a transporter.
 21995 | Gauntlet | Identified the +6 short sword of the Enchanted Forest
                  | {venom, rF+ Int+4 Dex+3}
 22874 | D:15     | Entered Level 15 of the Dungeon
 22933 | D:15     | Received a gift from Trog
 22938 | D:15     | Identified the +6 falchion "Minotaur's Doom" {drain, rC+
                  | Stlth+}
 22967 | D:15     | Found a staircase to the Depths.
 23306 | D:15     | Noticed Kirke
 23342 | D:15     | Killed Kirke
 23468 | D:15     | Found a portal to a secret trove of treasure.
 23775 | Spider:1 | Entered Level 1 of the Spider Nest
 23898 | Spider:1 | Reached XP level 16. HP: 165/165 MP: 15/15
 24728 | Spider:2 | Received a gift from Trog
 25947 | Spider:3 | Reached ****** piety under Trog
 26929 | Spider:4 | Entered Level 4 of the Spider Nest
 27408 | Spider:4 | Identified the +9 broad axe of the Dark Horse {flame,
                  | rElec} (Trog gifted it to you on level 4 of the Spider
                  | Nest)
 27408 | Spider:4 | Received a gift from Trog
 27416 | Spider:4 | Reached XP level 17. HP: 90/176 MP: 16/16
 28170 | Spider:4 | Got a gossamer rune of Zot
 28196 | Spider:4 | Identified the +1 pair of boots of Duty {rF+ rC+}
 28540 | Shoals:1 | Entered Level 1 of the Shoals
 28712 | Shoals:1 | Identified the ring "Worghu Kaor" {rElec rN+++ rCorr AC+4
                  | Dex-2 Stlth-}
 28727 | Shoals:1 | Received a gift from Trog
 29524 | Shoals:2 | Noticed Polyphemus
 29547 | Shoals:2 | Killed Polyphemus
 29698 | Shoals:2 | Received a gift from Trog
 30409 | Shoals:3 | Reached XP level 18. HP: 188/188 MP: 17/17
 30996 | Shoals:4 | Entered Level 4 of the Shoals
 31035 | Shoals:4 | Received a gift from Trog
 31042 | Shoals:4 | Paralysed by an air elemental for 1 turns
 31273 | Shoals:4 | Paralysed by an air elemental for 1 turns
 31557 | Shoals:4 | Paralysed by an air elemental for 1 turns
 31567 | Shoals:4 | Paralysed by an air elemental for 1 turns
 31824 | Shoals:4 | Paralysed by an air elemental for 1 turns
 31831 | Shoals:4 | Paralysed by an air elemental for 1 turns
 31888 | Shoals:4 | Received a gift from Trog
 31896 | Shoals:4 | Found a stormy altar of Qazlal.
 32105 | Shoals:4 | Identified the +5 ring mail of Nihilism {rF+ rN+ Int+4}
 32129 | Shoals:4 | Got a barnacled rune of Zot
 32515 | Vaults:1 | Entered Level 1 of the Vaults
 32596 | Vaults:1 | Found a magical portal.
 32617 | WizLab   | Entered Alistair's Party Mansion
 32992 | WizLab   | Identified the +7 war axe "Todythri" {antimagic, *Noise
                  | rElec rPois rF+} (Trog gifted it to you in a wizard's
                  | laboratory)
 32992 | WizLab   | Received a gift from Trog
 33198 | WizLab   | Acquired a manual of Shields
 33247 | WizLab   | Noticed a golden dragon
 33339 | Abyss:2  | Cast into level 2 of the Abyss (a wizard)
 33406 | Abyss:2  | Found a hazy altar of Hepliaklqana.
 33557 | Abyss:2  | Gained mutation: Potions are less effective at restoring
                  | your health. [a neqoxec]
 33571 | Abyss:2  | Reached XP level 19. HP: 191/198 MP: 18/18
 33779 | WizLab   | Escaped the Abyss
 34263 | Vaults:1 | Received a gift from Trog
 34980 | Vaults:1 | Reached skill level 15 in Shields
 35227 | Vaults:2 | Found a gateway to a bazaar.
 35248 | Bazaar   | Entered a bazaar
 35272 | Bazaar   | Found Onenaw's Jewellery Emporium.
 35293 | Bazaar   | Found Fiykof's Distillery.
 35309 | Bazaar   | Found Fogunk's Magic Scroll Emporium.
 35309 | Bazaar   | Found Yzasemol's Distillery.
 35314 | Bazaar   | Bought a potion of curing for 42 gold pieces
 35314 | Bazaar   | Bought a potion of resistance for 140 gold pieces
 35314 | Bazaar   | Bought a potion of heal wounds for 70 gold pieces
 35314 | Bazaar   | Bought a potion of heal wounds for 70 gold pieces
 35320 | Bazaar   | Bought a scroll of blinking for 105 gold pieces
 35320 | Bazaar   | Bought a scroll of magic mapping for 105 gold pieces
 35445 | Vaults:2 | Received a gift from Trog
 35605 | Vaults:2 | Identified the +10 arbalest "Reaz Vuo" {flame, +Blink rCorr
                  | Int+4}
 35937 | Vaults:2 | Received a gift from Trog
 35938 | Vaults:2 | Reached XP level 20. HP: 210/210 MP: 19/19
 36020 | Vaults:2 | Found a huge runed gate.
 36020 | Vaults:2 | Found a huge runed gate.
 36020 | Vaults:2 | Found a huge runed gate.
 36020 | Vaults:2 | Found a huge runed gate.
 36020 | Vaults:2 | Found a huge runed gate.
 36021 | Vaults:2 | Found a huge runed gate.
 36021 | Vaults:2 | Found a huge runed gate.
 36021 | Vaults:2 | Found a huge runed gate.
 36021 | Vaults:2 | Found a huge runed gate.
 36021 | Vaults:2 | Found a huge runed gate.
 36022 | Vaults:2 | Found a huge runed gate.
 36023 | Vaults:2 | Found a huge runed gate.
 36024 | Vaults:2 | Found a huge runed gate.
 36025 | Vaults:2 | Found a huge runed gate.
 36026 | Vaults:2 | Found a huge runed gate.
 36034 | Vaults:2 | Found a huge runed gate.
 36034 | Vaults:2 | Found a huge runed gate.
 36034 | Vaults:2 | Found a huge runed gate.
 36034 | Vaults:2 | Found a huge runed gate.
 36034 | Vaults:2 | Found a huge runed gate.
 36034 | Vaults:2 | Found a huge runed gate.
 36035 | Vaults:2 | Found a huge runed gate.
 36036 | Vaults:2 | Found a huge runed gate.
 36037 | Vaults:2 | Found a huge runed gate.
 36122 | Vaults:2 | Found a huge runed gate.
 36122 | Vaults:2 | Found a huge runed gate.
 36122 | Vaults:2 | Found a huge runed gate.
 36122 | Vaults:2 | Found a huge runed gate.
 36122 | Vaults:2 | Found a huge runed gate.
 36122 | Vaults:2 | Found a huge runed gate.
 36123 | Vaults:2 | Found a huge runed gate.
 36124 | Vaults:2 | Found a huge runed gate.
 36125 | Vaults:2 | Found a huge runed gate.
 36133 | Vaults:2 | Found a huge runed gate.
 36133 | Vaults:2 | Found a huge runed gate.
 36133 | Vaults:2 | Found a huge runed gate.
 37170 | Vaults:2 | Reached skill level 27 in Armour
 38160 | Vaults:3 | Noticed Saint Roka
 38181 | Vaults:3 | Killed Saint Roka
 38183 | Vaults:3 | Noticed Mara
 38195 | Vaults:3 | Received a gift from Trog
 38198 | Vaults:3 | Killed Mara
 38584 | Vaults:3 | Paralysed by a great orb of eyes for 2 turns
 38656 | Vaults:3 | Found a staircase to the Crypt.
 38656 | Vaults:3 | Found a basalt altar of Yredelemnul.
 38656 | Vaults:3 | Found an ancient bone altar of Kikubaaqudgha.
 38752 | Vaults:4 | Identified the +1 robe "Lanlaoji" {Will+ Regen+ Int-3
                  | Stlth+}
 39059 | Vaults:4 | Identified the +0 pair of boots of Exclusion {Regen+ rCorr}
 39437 | Vaults:4 | Received a gift from Trog
 39631 | Vaults:4 | Found a runed translucent gate.
 39631 | Vaults:4 | Found a runed translucent gate.
 39631 | Vaults:4 | Found a runed translucent gate.
 39632 | Vaults:4 | Noticed BlueFish's ghost (veteran MiFi)
 39632 | Vaults:4 | Noticed Wimurch's ghost (veteran GnFi)
 39712 | Vaults:4 | Found Exenoly's Book Shop.
 40005 | Vaults:4 | Killed BlueFish's ghost
 40020 | Vaults:4 | Killed Wimurch's ghost
 40362 | Orc:1    | Entered Level 1 of the Orcish Mines
 40565 | Orc:1    | Found Nuajan's Jewellery Emporium.
 40721 | Orc:2    | Entered Level 2 of the Orcish Mines
 40723 | Orc:2    | Found a staircase to the Elven Halls.
 40744 | Orc:2    | Reached XP level 21. HP: 220/222 MP: 20/20
 40913 | Orc:2    | Received a gift from Trog
 40964 | Orc:2    | Found Hunan's Armour Shoppe.
 40964 | Orc:2    | Found Ecuureaz's Distillery.
 40977 | Orc:2    | Found Ciuwin's Jewellery Emporium.
 40979 | Orc:2    | Found Ege Vanymas's Book Shop.
 40983 | Orc:2    | Bought a potion of haste for 150 gold pieces
 41220 | Orc:2    | Noticed Snorg
 41225 | Orc:2    | Killed Snorg
 41444 | Elf:1    | Entered Level 1 of the Elven Halls
 41728 | Elf:1    | Found Imuoryq's Weapon Boutique.
 41821 | Elf:1    | Reached skill level 27 in Fighting
 42118 | Elf:1    | Received a gift from Trog
 42124 | Elf:1    | Identified the +0 leather armour "Heumy" {+Blink rPois rC-
                  | Regen+}
 42492 | Elf:2    | Noticed Aizul
 42505 | Elf:2    | Killed Aizul
 42648 | Elf:2    | Found a runed translucent gate.
 42648 | Elf:2    | Found a runed translucent gate.
 42648 | Elf:2    | Found a runed translucent gate.
 43272 | Elf:3    | Entered Level 3 of the Elven Halls
 43465 | Elf:3    | Received a gift from Trog
 43609 | Elf:3    | Identified the ring of the Wonderful Apricot {Ice MP+9
                  | Str-2 Dex+4}
 44118 | Elf:3    | Received a gift from Trog
 44226 | Elf:3    | Identified the +2 scale mail "Diriala" {Dex+5}
 44380 | Elf:3    | Identified the ring "Rotuunip" {rCorr Int+6}
 44455 | Abyss:3  | Found a corrupted altar of Lugonu.
 44455 | Abyss:3  | Cast into level 3 of the Abyss (+5 halberd of distortion)
 44612 | Abyss:3  | Reached XP level 22. HP: 228/233 MP: 21/21
 44940 | Elf:3    | Escaped the Abyss
 45077 | Elf:3    | Found Cotteudi's Mayhem Merchandise.
 45094 | Elf:3    | Found Ikhew's Assorted Antiques.
 45103 | Elf:3    | Bought a potion of haste for 330 gold pieces
 45387 | Elf:3    | Identified the +0 rapier "Gogosej" {freeze, +Blink rPois
                  | Str-3 Dex+4}
 45652 | Elf:3    | Acquired the +8 orange crystal plate armour {Archmagi,
                  | Int+3 Clar}
 45652 | Elf:3    | Found the +8 orange crystal plate armour {Archmagi, Int+3
                  | Clar}
 45738 | Elf:3    | Identified the +6 hand axe "Jyrasoih" {freeze, rElec Will+
                  | Int+2}
 45993 | Elf:3    | Received a gift from Trog
 46429 | Vaults:5 | Entered Level 5 of the Vaults
 46483 | Vaults:5 | Paralysed by a floating eye for 4 turns
 46866 | Vaults:5 | Noticed a golden dragon
 47249 | Vaults:4 | Killed a golden dragon
 48550 | Vaults:5 | Identified the +12 trident of Youthful Indiscretion
                  | {vorpal, *Rage rN+ Stlth+}
 48554 | Vaults:5 | Noticed a dread lich
 48571 | Vaults:4 | Killed a dread lich
 48571 | Vaults:4 | Received a gift from Trog
 48572 | Vaults:4 | Reached skill level 27 in Dodging
 48781 | Vaults:5 | Identified the +9 lajatang of Valour {pain, rPois}
 48806 | Vaults:5 | Identified the +1 lajatang "Cuas Zuqai" {elec, rF+ Dex+5}
 48806 | Vaults:5 | Identified the +4 troll leather armour of Ru's Esteem
                  | {Regen+ Str+3 Dex+3}
 49143 | Vaults:5 | Found Xuubriej's Weapon Shoppe.
 49245 | Vaults:5 | Received a gift from Trog
 49295 | Vaults:5 | Reached XP level 23. HP: 224/240 MP: 22/22
 49639 | Vaults:5 | Identified the +2 ring mail of Depression {rElec Dex+3}
 49642 | Vaults:5 | Got a silver rune of Zot
 50559 | Slime:1  | Entered Level 1 of the Pits of Slime
 50605 | Slime:1  | Received a gift from Trog
 51047 | Slime:2  | Gained mutation: You are weak. (Str -2) [a shining eye]
 51048 | Slime:2  | Gained mutation: You sometimes lose your temper in combat.
                  | [a shining eye]
 51049 | Slime:2  | Gained mutation: Your spells are a little easier to cast,
                  | but a little less powerful. [a shining eye]
 51416 | Slime:4  | Gained mutation: Your magical capacity is low. (-10% MP) [a
                  | shining eye]
 52575 | Slime:2  | Received a gift from Trog
 53072 | Slime:1  | Gained mutation: You are occasionally teleported next to
                  | monsters. [a shining eye]
 53074 | Slime:1  | Gained mutation: You have hidden genetic defects. [a
                  | shining eye]
 53079 | Slime:1  | Gained mutation: You occasionally lose the ability to read
                  | scrolls when taking damage. [a shining eye]
 53214 | Slime:5  | Entered Level 5 of the Pits of Slime
 53373 | Slime:4  | Lost mutation: You are occasionally teleported next to
                  | monsters. [potion of mutation]
 53373 | Slime:4  | Lost mutation: Your magical capacity is low. (-10% MP)
                  | [potion of mutation]
 53373 | Slime:4  | Lost mutation: You have hidden genetic defects. [potion of
                  | mutation]
 53374 | Slime:4  | Lost mutation: You are weak. (Str -2) [potion of mutation]
 53374 | Slime:4  | Lost mutation: Your spells are a little easier to cast, but
                  | a little less powerful. [potion of mutation]
 53374 | Slime:4  | Lost mutation: Potions are less effective at restoring your
                  | health. [potion of mutation]
 53374 | Slime:4  | Gained mutation: You are dopey. (Int -2) [potion of
                  | mutation]
 53568 | Slime:5  | Gained mutation: Armour fits poorly on your strangely
                  | shaped body. [a shining eye]
 53571 | Slime:5  | Gained mutation: You do not regenerate when monsters are
                  | visible. [a shining eye]
 53639 | Slime:5  | Noticed the Royal Jelly
 53670 | Slime:5  | Received a gift from Trog
 53695 | Slime:5  | Gained mutation: Your magical capacity is low. (-10% MP) [a
                  | shining eye]
 53699 | Slime:5  | Gained mutation: You sometimes lose the ability to read
                  | scrolls when taking damage. [a shining eye]
 53788 | Slime:4  | Lost mutation: You do not regenerate when monsters are
                  | visible. [potion of mutation]
 53788 | Slime:4  | Lost mutation: Your magical capacity is low. (-10% MP)
                  | [potion of mutation]
 53788 | Slime:4  | Gained mutation: Your body sometimes deteriorates upon
                  | taking damage. [potion of mutation]
 53788 | Slime:4  | Gained mutation: You have a pair of large horns on your
                  | head. [potion of mutation]
 53789 | Slime:4  | Lost mutation: You have a pair of large horns on your head.
                  | [potion of mutation]
 53789 | Slime:4  | Lost mutation: You sometimes lose your temper in combat.
                  | [potion of mutation]
 53789 | Slime:4  | Lost mutation: You are dopey. (Int -2) [potion of mutation]
 53789 | Slime:4  | Gained mutation: Your flesh is heat resistant. (rF+)
                  | [potion of mutation]
 53817 | Slime:5  | Killed the Royal Jelly
 54391 | Slime:5  | Got a slimy rune of Zot
 54420 | Slime:5  | Identified the +6 mace "Tudgha" {freeze, +Blink Stlth+}
 54430 | Slime:5  | Identified the +3 rapier of Exquisite Death {venom, rPois
                  | rF- Dex+6 Stlth+}
 54471 | Slime:5  | Identified the +0 leather armour of Dino {Harm Str-3 Dex+4}
 54474 | Slime:5  | Identified the +2 hand axe of the Empty Page {flame, rPois
                  | rF+}
 54604 | Slime:5  | Gained mutation: You are weak. (Str -2) [a shining eye]
 54606 | Slime:5  | Gained mutation: You are frail. (-10% HP) [a shining eye]
 54845 | Lair:5   | Lost mutation: Your flesh is heat resistant. (rF+) [potion
                  | of mutation]
 54845 | Lair:5   | Lost mutation: You are frail. (-10% HP) [potion of
                  | mutation]
 54845 | Lair:5   | Gained mutation: You are somewhat resistant to further
                  | mutation. [potion of mutation]
 54845 | Lair:5   | Gained mutation: You passively dampen the noise of your
                  | surroundings. [potion of mutation]
 54846 | Lair:5   | Lost mutation: You sometimes lose the ability to read
                  | scrolls when taking damage. [potion of mutation]
 54846 | Lair:5   | Lost mutation: Your body sometimes deteriorates upon taking
                  | damage. [potion of mutation]
 54846 | Lair:5   | Lost mutation: You are weak. (Str -2) [potion of mutation]
 54847 | Lair:5   | Lost mutation: You passively dampen the noise of your
                  | surroundings. [potion of mutation]
 54847 | Lair:5   | Lost mutation: You occasionally lose the ability to read
                  | scrolls when taking damage. [potion of mutation]
 54847 | Lair:5   | Gained mutation: Your magical capacity is low. (-10% MP)
                  | [potion of mutation]
 54847 | Lair:5   | Gained mutation: You are robust. (+10% HP) [potion of
                  | mutation]
 55105 | Orc:2    | Bought a potion of mutation for 120 gold pieces
 55105 | Orc:2    | Bought a potion of mutation for 120 gold pieces
 55259 | Depths:1 | Entered Level 1 of the Depths
 55263 | Depths:1 | Found a gateway to Hell.
 55334 | Depths:1 | Noticed a juggernaut
 55353 | Depths:1 | Killed a juggernaut
 55467 | Depths:1 | You fall into a shaft and drop 1 floor!
 55476 | Depths:2 | Noticed Grunn
 55478 | Depths:2 | Reached XP level 24. HP: 273/273 MP: 19/19
 55495 | Depths:2 | Killed Grunn
 55510 | Depths:2 | Found a one-way gate leading to the halls of Pandemonium.
 55527 | Depths:2 | Identified the +8 long sword of the Hungering Priest
                  | {flame, rF+}
 55985 | Depths:2 | Identified the ring "Wush" {AC+4 Dex+3}
 56204 | Depths:2 | Received a gift from Trog
 56350 | Depths:1 | Found a white marble altar of Elyvilon.
 56378 | Depths:1 | Reached skill level 27 in Shields
 57173 | Depths:1 | Found a transporter.
 57256 | Depths:1 | Noticed Mafuddif's ghost (adept HOFi)
 57260 | Depths:1 | Noticed a juggernaut
 57262 | Depths:1 | Found a bloodstained altar of Trog.
 57292 | Depths:1 | Found a transporter.
 57506 | Depths:1 | Received a gift from Trog
 57531 | Depths:1 | Identified the +4 morningstar of Infection {vorpal, *Noise
                  | rElec rPois Stlth+}
 58700 | Depths:1 | Killed Mafuddif's ghost
 58710 | Depths:1 | Killed a juggernaut
 58746 | Depths:1 | Identified the +2 pair of boots of the Many Gods {Slay+5}
 59427 | Depths:2 | Found a one-way gate to the infinite horrors of the Abyss.
 60008 | Depths:3 | Found an ornate altar of the Wu Jian Council.
 60104 | Depths:3 | Found a one-way gateway to a ziggurat.
 60562 | Depths:3 | Reached XP level 25. HP: 282/282 MP: 19/19
 60698 | Depths:3 | Found an ancient bone altar of Kikubaaqudgha.
 61019 | Depths:4 | Entered Level 4 of the Depths
 61372 | Depths:4 | Found a gate to the Realm of Zot.
 62675 | Depths:4 | Found a bloodstained altar of Trog.
 62780 | Zot:1    | Entered Level 1 of the Realm of Zot
 62925 | Zot:1    | HP: 14/284 [poison (poison gas)]
 62927 | Depths:4 | Succumbed to poison (poison gas)

Illustrated notes

Levels and vault maps discovered:
D:1:      sevenhm_arrival_forest_fort_small_4, layout_basic, serial_shops, shop
D:2:      layout_basic, serial_shops, nicolae_square_shop, fountainhead
D:3:      layout_rooms
D:4:      layout_loops_ring
D:5:      layout_loops_ring, nicolae_overflow_hallway_of_the_gods,
          hangedman_minor_gate_pass, uniq_blork_the_orc, uniq_edmund
D:6:      layout_loops_ring, serial_shops, nicolae_shop_behind_doors
D:7:      layout_layer_cave, minmay_temple_entry_proselytizer, enter_bailey_5,
          uniq_maggie, uniq_joseph, uniq_pikel, uniq_menkaure
D:8:      layout_layer_cave, serial_shops, shop, special_room
          [special_room_orc], nicolae_concentric_dashed_squares_mild,
          minivault_27
D:9:      layout_gridville, kennysheep_flooded_box, minivault_13
D:10:     layout_basic, minmay_holes, moated_statue, eino_house_with_fridge,
          uniq_sonja
D:11:     nicolae_hexawheel, layout_basic, david_lair_shrubbed,
          minmay_misc_feat_encased
D:12:     layout_loops_ring, erik_orc_1, serial_rivers,
          chequers_serial_rivers_room_b, chequers_serial_rivers_room_a,
          chequers_serial_rivers_marsh, chequers_serial_rivers_room_a,
          small_statue_alley_a
D:13:     layout_long_grid, uniq_erolcha
D:14:     layout_rooms, hangedman_vaults_entry_quadrant_bands,
          gauntlet_entry_generic, serial_co_window_serial,
          co_window_of_opportunity_a, co_window_corner_a, co_window_paths_b,
          co_window_cross_1, co_window_corner_a, co_window_of_opportunity_a,
          co_window_corner_b, co_window_broadway_b, co_window_broadway_c,
          glass_columns_a, glass_columns_c, minmay_staircase_bubble
D:15:     hangedman_depths_entry_try_elsewhere_first, layout_cave_pools,
          serial_rivers, chequers_serial_rivers_small_3,
          chequers_serial_rivers_marsh, chequers_serial_rivers_room_a,
          chequers_serial_rivers_micro_d, chequers_serial_rivers_small_b,
          chequers_serial_rivers_micro_a, nicolae_trove_entry_path_of_doom,
          uniq_kirke
Lair:1:   layout_cave_shapes, lemuel_fruit_tree, infiniplex_staircase_pool_2
Lair:2:   regret_index_wax_grids, layout_misc_corridors,
          hellmonk_spider_entry_life_and_decay, uniq_gastronok
Lair:3:   nzn_winding_woodlands_huge [nzn_winding_woodlands_5x15_parted,
          nzn_winding_woodlands_5x15_sidewinder,
          nzn_winding_woodlands_5x15_cabin, nzn_winding_woodlands_5x15_eye,
          nzn_winding_woodlands_5x15_lazy_stream,
          nzn_winding_woodlands_5x15_sawtooth,
          nzn_winding_woodlands_5x15_longhouse,
          nzn_winding_woodlands_5x15_split_checker,
          nzn_winding_woodlands_5x15_twine, nzn_winding_woodlands_5x15_garden,
          nzn_winding_woodlands_center_garden,
          nzn_winding_woodlands_center_triple_pond,
          nzn_winding_woodlands_15x15_boxy_spiral], layout_chaotic_city,
          elwin_shoals_entry_rocks, chequers_serial_rivers_micro_d, uniq_nessos,
          uniq_amaemon
Lair:4:   layout_concentric_octagons, grunt_megastairs_5, lemuel_fruit_fields,
          lemuel_fruit_fields, serial_bayou_shore_b, uniq_josephine
Lair:5:   hangedman_lair_tendril_chambers, layout_long_grid,
          guppyfry_lair_end_dragon, slime_entry_1, wad_woods_road_03,
          chequers_serial_rivers_room_a
Shoals:1: cheibrodos_shoals_satyrical_garden, layout_shoals
Shoals:2: cheibrodos_shoals_oceanic_diplomacy, layout_shoals, uniq_polyphemus
Shoals:3: cheibrodos_shoals_roost, layout_shoals, nicolae_shoals_lost_giant_hut,
          nicolae_shoals_undead_eyrie
Shoals:4: shoals_end_hellmonk_storm_palace [storm_palace_center_ruins,
          storm_palace_corner_narrow, storm_palace_corner_altar,
          storm_palace_corner_narrow, storm_palace_corner_narrow]
Spider:1: layout_spider_delve, guppyfry_spider_mini_2
Spider:2: layout_spider_delve
Spider:3: layout_chambers
Spider:4: hellmonk_spider_rune_bug_friends
Slime:1:  layout_caves
Slime:2:  layout_caves
Slime:3:  layout_caves
Slime:4:  layout_caves
Slime:5
Orc:1:    layout_caves, special_room [special_room_bee], basic_altar,
          serial_shops, nicolae_shop_crystal, david_defended_altar_orc
Orc:2:    st_orc_rangers, layout_caves, mines_bat_river, uniq_snorg
Elf:1:    layout_geoelf_diagonals, serial_shops, nicolae_shop_hallway_stairs,
          hangedman_corner_corridor
Elf:2:    elven_hall_of_blades_hangedman_original
          [nicolae_blade_entry_floor_patterns], layout_geoelf_octagon,
          st_stairs_4, grunt_ministairs_7, uniq_aizul
Elf:3:    minmay_elf_hall_spiked, layout_onion_city, serial_shops, shop,
          hangedman_glass_teeth, nicolae_concentric_dashed_squares_wild,
          minivault_11, minmay_shop_mayhem
Vaults:1: lightli_enter_wizlab_magi_temple, vaults_room_corners,
          nicolae_vaults_circle_grid_b, vaults_room_door_ring,
          hangedman_vaults_restitches, st_diamondy, nicolae_vaults_theta,
          vaults_mumra_chevron_long, v_misc_26, hangedman_vaults_trim, v_misc_5,
          layout_vaults_ring
Vaults:2: vaults_room_large_hall, vaults_mumra_minichess_inversion,
          vaults_room_octagon, door_vault, hangedman_vaults_stream, v_misc_25,
          nicolae_vaults_network_barrier, vaults_dpeg_hooks,
          nicolae_vaults_yaktaur_gun_rack, nicolae_vaults_little_squares_6,
          v_misc_4, hangedman_vaults_stretched_pinwheel,
          layout_vaults_maze_bifur, serial_shops, statue_bzr
Vaults:3: minmay_crypt_entry_necro_gods, hangedman_vaults_nodes,
          nicolae_vaults_hallways_thing, ontoclasm_vaults_eye,
          nicolae_vaults_little_squares_4, nicolae_vaults_network_square,
          v_alt_pattern_5, vaults_dpeg_doors, v_misc_15,
          nicolae_vaults_angled_halls, vaults_dpeg_diagonal,
          layout_vaults_omnibox, uniq_saint_roka, uniq_mara
Vaults:4: gammafunk_ghost_cemetery, nicolae_vaults_sealed_display,
          vaults_mumra_bighexcomb, ontoclasm_vaults_shuriken, v_rooms_5,
          nicolae_vaults_asterisk, v_alt_pattern_4, vaults_dpeg_cross,
          layout_vaults_quadrants, serial_shops, nicolae_diamond_shop
Vaults:5: uniq_margery
Depths:1: minmay_outward_triangles, layout_basic, elyvilon_altar_3,
          gammafunk_ghost_wrathful_warriors, hell_entry,
          minmay_hollow_rounded_squares
Depths:2: evilmike_diamond_1, layout_cave_shapes, pan_entry,
          serial_column_ruins, column_ruins_portal_squares,
          column_ruins_open_tiny, column_ruins_open_medium,
          column_ruins_columns_corner, column_ruins_open_tiny,
          column_ruins_open_tiny, amcnicky_mini_rare_corridor_liquid,
          grunt_mini_vestibule, abyss_entry, serial_bayou_shore_a,
          serial_bayou_shore_b, infiniplex_staircase_pillars_1, uniq_grunn
Depths:3: minmay_bad_star, layout_basic, enter_ziggurat_b,
          rand_demon_pan_entry_4, lemuel_coloured_pillars_altar,
          hangedman_abyss_entry_splay, pf_dread_powers_of_hell,
          nicolae_wu_jian_immortal_techniques
Depths:4: grunt_zot_entry_tricorne, layout_twisted_cross,
          grunt_hell_entry_dis_mu, abyss_entry_glasseish,
          evilmike_spriggan_trog_shrine
Zot:1:    kennysheep_blocky_hall, layout_basic

Skill      XL: |  1  2  3  4  5  6  7  8  9 10 11 12 13 14 15 16 17 18 19 20 21 22 23 24 25 |
---------------+----------------------------------------------------------------------------+-----
Fighting       | 4 5 6 7 9 11 13 16 18 19 20 21 23 24 25 26 27 | 27.0
Axes           | 4 5 6 7 9 11 13 16 18 19 23 25 | 25.2
Armour         | 3 4 5 7 10 12 14 16 18 20 23 24 25 26 27 | 27.0
Shields        | 1 2 3 4 5 7 9 10 13 15 21 25 27 | 27.0
Dodging        | 3 4 5 6 7 8 10 11 13 14 16 17 18 19 20 22 25 27 | 27.0

Action                   |  1- 3 |  4- 6 |  7- 9 | 10-12 | 13-15 | 16-18 | 19-21 | 22-24 | 25-27 || total
-------------------------+-------+-------+-------+-------+-------+-------+-------+-------+-------++-------
Melee: Hand axe          |   111 |    87 |   238 |    39 |       |       |       |       |       ||   475
       Headbutt          |    14 |     9 |    36 |   123 |   235 |   341 |   451 |   693 |   139 ||  2041
       Broad axe         |       |       |       |   541 |   838 |  1361 |  1597 |  1889 |   368 ||  6594
Invok: Berserk           |     1 |     3 |     4 |     3 |     3 |     1 |     1 |     1 |       ||    17
       Trog's Hand       |       |       |     3 |     3 |     8 |     9 |    15 |    39 |       ||    77
       Brothers in Arms  |       |       |       |       |       |       |     2 |     3 |       ||     5
  Use: Scroll            |       |       |    21 |     8 |     6 |     4 |     2 |     7 |     1 ||    49
       Potion            |       |       |       |       |       |       |       |    11 |       ||    11
 Stab: Sleeping          |     1 |       |       |       |       |       |       |       |       ||     1
       Petrified         |       |       |       |     6 |       |       |       |       |       ||     6
       Confused          |       |       |       |     1 |       |       |       |       |       ||     1
       Distracted        |       |       |       |       |       |     1 |     2 |     2 |       ||     5
Armor: Animal skin       |    27 |     1 |       |       |       |       |       |       |       ||    28
       Chain mail        |       |    48 |   103 |   225 |   110 |       |       |       |       ||   486
       Plate armour      |       |       |       |       |   146 |   507 |   378 |    33 |       ||  1064
       Crystal plate arm |       |       |       |       |       |       |       |   575 |    75 ||   650
Dodge: Dodged            |    54 |    38 |   121 |   366 |   295 |   505 |   410 |   467 |    65 ||  2321
Block: Kite shield       |    23 |    39 |   144 |   451 |   470 |  1097 |  1032 |    86 |       ||  3342
       Reflection        |       |       |       |       |    22 |    67 |   125 |    93 |     1 ||   308
       Tower shield      |       |       |       |       |       |       |       |  1672 |   272 ||  1944

Table legend: (Time is in decaauts)
 A = Elapsed time spent in this place.
 B = Non-inter-level travel time spent in this place.
 C = Inter-level travel time spent in this place.
 D = Time resting spent in this place.
 E = Time spent auto-exploring this place.
 F = Levels seen in this place.
 G = Mean time per level.
                   A        B        C        D        E       F      G
               +--------+--------+--------+--------+--------+-----+--------+
         Total |  60975 |  56751 |   4224 |  13421 |  30382 |  54 | 1129.2 |
       Dungeon |  17544 |  15762 |   1782 |   2283 |  10538 |  15 | 1169.6 |
          Lair |   6407 |   5543 |    864 |   1262 |   3315 |   5 | 1281.4 |
        Shoals |   3818 |   3645 |    173 |    809 |   1466 |   4 |  954.5 |
   Spider Nest |   4034 |   3848 |    186 |    373 |   2526 |   4 | 1008.5 |
    Slime Pits |   4063 |   3800 |    263 |   1599 |   1391 |   5 |  812.6 |
  Orcish Mines |   1112 |    974 |    138 |      0 |    735 |   2 |  556.0 |
   Elven Halls |   3996 |   3858 |    138 |    635 |   2172 |   3 | 1332.0 |
        Vaults |   9809 |   9290 |    519 |   3490 |   3909 |   5 | 1961.8 |
        Depths |   6945 |   6786 |    159 |   2120 |   3302 |   4 | 1736.2 |
           Zot |    108 |    108 |      0 |     19 |      8 |   1 |  108.0 |
         Abyss |    811 |    811 |      0 |      5 |    454 |   2 |  405.5 |
        Bazaar |    102 |    102 |      0 |      0 |     82 |   1 |  102.0 |
        Bailey |    822 |    822 |      0 |    371 |    211 |   1 |  822.0 |
        Wizlab |    986 |    986 |      0 |    436 |    159 |   1 |  986.0 |
      Gauntlet |    411 |    411 |      0 |     16 |    112 |   1 |  411.0 |
               +--------+--------+--------+--------+--------+-----+--------+

Top non-repeatable levels by time:
Vaults:4: 3610 daAuts
Depths:1: 2985 daAuts
    D:11: 2438 daAuts
   Elf:3: 2058 daAuts
  Lair:2: 1924 daAuts
  Lair:3: 1814 daAuts
     D:9: 1726 daAuts
Vaults:1: 1717 daAuts
     D:7: 1671 daAuts
Depths:4: 1625 daAuts
    D:12: 1614 daAuts
Vaults:2: 1554 daAuts
Vaults:5: 1549 daAuts
Spider:4: 1405 daAuts
Vaults:3: 1377 daAuts
